 Dungeon Sprint DCSS version 0.23.2-44-ge536e68a2c (webtiles) character file.

Game seed: 7479467295016437300

635 MordorOrchid the Grappler (level 7, -1/70 HPs)
             Began as a Troll Necromancer on Mar 6, 2020.
             Was a Believer of Sif Muna.
             Slain by a black mamba (20 damage)
             ... in the Dungeon (Sprint IX: "|||||||||||||||||||||||||||||").
             The game lasted 00:06:24 (568 turns).

MordorOrchid the Grappler (Troll Necromancer)        Turns: 568, Time: 00:06:25

Health: -1/70      AC:  7    Str: 20    XL:     7   Next: 25%
Magic:  6/12       EV: 11    Int: 16    God:    Sif Muna [**....]
Gold:   7          SH:  0    Dex: 10    Spells: 2/14 levels left

rFire    . . .     SeeInvis .     - Unarmed
rCold    . . .     Gourm    +   (no shield)
rNeg     . . .     Faith    .   a - +0 robe
rPois    .         Spirit   .   (helmet restricted)
rElec    .         Reflect  .   o - +0 cloak
rCorr    .         Harm     .   (gloves unavailable)
MR       .....     NoTele   +   (boots unavailable)
Stlth    +.........             (no amulet)
HPRegen  1.61/turn              p - +3 ring of strength
MPRegen  0.13/turn              q - +3 ring of intelligence

@: lethally poisoned (-1 -> -8), regenerating (expiring), divine energy
A: large, unfitting armour, claws 3, fast metabolism 3, gourmand, regeneration
1, shaggy fur 1, tough skin 3
a: Stop Divine Energy, Renounce Religion


You were in the Dungeon.
You worshipped Sif Muna.
Sif Muna was pleased with you.
You were completely stuffed.

You visited 1 branch You collected 7 gold pieces.

Inventory:

Hand Weapons
 n - a +4 scimitar of flaming
Armour
 a - a +0 robe (worn)
 o - a +0 cloak (worn)
Magical Staves
 m - an uncursed staff of energy
Jewellery
 p - a +3 ring of strength (left claw)
 q - a +3 ring of intelligence (right claw)
Wands
 l - a wand of iceblast (10)
Scrolls
 i - 2 scrolls of blinking
 j - 5 scrolls of remove curse
 k - 2 scrolls of amnesia
 s - 2 scrolls of fog
Potions
 d - 6 potions of curing
 e - 7 potions of heal wounds
 f - a potion of mutation
 g - 4 potions of magic
 h - 3 potions of berserk rage
Miscellaneous
 r - a sack of spiders
Comestibles
 b - a chunk of flesh
 c - 2 rations


   Skills:
 - Level 4.1 Fighting
 * Level 5.3 Dodging
 - Level 1.0 Stealth
 + Level 8.0 Unarmed Combat
 - Level 4.1 Spellcasting
 - Level 2.0 Charms
 - Level 6.4 Necromancy
 * Level 3.7 Evocations


You had 2 spell levels left.
You knew the following spells:

 Your Spells              Type           Power        Failure   Level  Hunger
a - Pain                  Necr           ###.         1%          1    None
b - Animate Dead          Necr           N/A          12%         4    ####...
k - Regeneration          Chrm/Necr      ###.......   9%          3    ###....
u - Animate Skeleton      Necr           N/A          1%          1    None
v - Vampiric Draining     Necr           ###.......   3%          3    ###....

Your spell library contained the following spells:

 Spells                   Type           Power        Failure   Level  Hunger


Dungeon Overview and Level Annotations

Branches:
Dungeon (1/1)

Altars:
Cheibriados
Dithmenos
Elyvilon
Fedhas
Gozag
Hepliaklqana
Kikubaaqudgha
Makhleb
Nemelex Xobeh
Okawaru
Qazlal
Ru
Sif Muna
Trog
Uskayaw
Vehumet
Wu Jian
Xom
Yredelemnul
Zin
The Shining One
Beogh
Jiyva
Lugonu


Innate Abilities, Weirdness & Mutations

You are too large for most types of armour.
You have claws for hands.
Your metabolism is lightning-fast.
You like to eat raw meat.
Your natural rate of healing is unusually fast.
You are covered in fur. (AC +1)
You have extremely tough skin. (AC +3)


Message History

You are more poisoned.
The black mamba poisons you!
The blink frog blinks! x2
You scratch the black mamba but do no damage.
The black mamba is moderately wounded.
Your skin is crawling a little less now.
You feel sick. The black mamba bites you! x2
* * * LOW HITPOINT WARNING * * *
You are more poisoned.
The black mamba poisons you!
Casting: Regeneration (safe; 9% risk of failure)
Confirm with . or Enter, or press ? or * to list all spells.
Aiming: Vampiric Draining (safe; 3% risk of failure)
Press: ? - help, Shift-Dir - straight line, f - black mamba
Aim: a black mamba (lightly wounded)
The black mamba is heavily wounded.
You feel life coursing into your body.
You feel very sick. The black mamba barely misses you.
The blink frog blinks!
The black mamba bites you!!
You die...

▓▓▓▓▓▓▓▓▓▓▓▓▓▓▓▓▓▓▓▓▓▓▓▓▓▓▓▓▓▓▓▓▓
'.....†.....'_______Z____________
▓▓▓▓▓▓▓▓▓▓▓▓▓▓▓▓▓▓▓▓▓▓▓▓▓▓▓▓▓▓▓▓▓
.................................
▓▓▓▓▓▓▓▓▓▓▓▓▓▓▓▓▓▓▓▓▓▓▓▓▓▓▓▓▓▓▓▓▓
...'.......§..)Z@SFr.§.F
▓▓▓▓▓▓▓▓▓▓▓▓▓▓▓▓▓▓▓▓▓▓▓▓


You could see a black mamba, a blink frog, a bullfrog, a porcupine and a
friendly orc wizard skeleton.

Vanquished Creatures
  A centaur (D)
  2 crocodiles (D)
  A big kobold (D)
  A bullfrog (D)
  2 howler monkeys (D)
  A wight (D)
  A crimson imp (D)
  An iguana (D)
  An orc wizard (D)
  A worker ant (D)
  An adder (D)
  A dart slug (D)
  A bat skeleton (D)
  2 giant cockroaches (D)
  2 hobgoblins (D)
  A jackal (D)
  A frilled lizard (D)
21 creatures vanquished.

Vanquished Creatures (collateral kills)
  2 hounds (D)
2 creatures vanquished.

Grand Total: 23 creatures vanquished

Notes
Turn   | Place    | Note
-------+----------+-------------------------------------------
     0 | D        | MordorOrchid the Troll Necromancer began the quest for the
                  | Orb.
     0 | D        | Reached XP level 1. HP: 16/16 MP: 1/1
     8 | D        | Reached skill level 1 in Fighting
     8 | D        | Reached skill level 1 in Unarmed Combat
    26 | D        | Reached skill level 2 in Unarmed Combat
    33 | D        | Learned a level 1 spell: Animate Skeleton
   153 | D        | Noticed a howler monkey
   153 | D        | Noticed an iguana
   153 | D        | Noticed a crimson imp
   157 | D        | Killed a howler monkey
   157 | D        | Reached XP level 2. HP: 23/29 MP: 0/3
   157 | D        | Reached XP level 3. HP: 29/36 MP: 0/4
   189 | D        | Reached skill level 3 in Unarmed Combat
   189 | D        | Reached skill level 5 in Necromancy
   189 | D        | Reached XP level 4. HP: 38/44 MP: 2/6
   207 | D        | Reached skill level 4 in Unarmed Combat
   221 | D        | Found a roughly hewn altar of Beogh.
   221 | D        | Found a snail-covered altar of Cheibriados.
   221 | D        | Found a shadowy altar of Dithmenos.
   221 | D        | Found a white marble altar of Elyvilon.
   221 | D        | Found a blossoming altar of Fedhas.
   221 | D        | Found an opulent altar of Gozag.
   222 | D        | Found a hazy altar of Hepliaklqana.
   223 | D        | Found a viscous altar of Jiyva.
   224 | D        | Found an ancient bone altar of Kikubaaqudgha.
   225 | D        | Found a corrupted altar of Lugonu.
   226 | D        | Found a burning altar of Makhleb.
   227 | D        | Found a sparkling altar of Nemelex Xobeh.
   228 | D        | Found an iron altar of Okawaru.
   229 | D        | Found a stormy altar of Qazlal.
   230 | D        | Found a sacrificial altar of Ru.
   231 | D        | Found a deep blue altar of Sif Muna.
   232 | D        | Found a bloodstained altar of Trog.
   233 | D        | Found a hide-covered altar of Uskayaw.
   234 | D        | Found a radiant altar of Vehumet.
   235 | D        | Found an ornate altar of the Wu Jian Council.
   236 | D        | Found a shimmering altar of Xom.
   237 | D        | Found a basalt altar of Yredelemnul.
   238 | D        | Found a glowing silver altar of Zin.
   239 | D        | Found a glowing golden altar of the Shining One.
   245 | D        | Became a worshipper of Sif Muna the Loreminder
   250 | D        | Learned a level 3 spell: Regeneration
   287 | D        | Noticed a bullfrog
   287 | D        | Noticed a centaur
   287 | D        | Noticed a crocodile
   289 | D        | Killed a bullfrog
   289 | D        | Reached skill level 1 in Evocations
   289 | D        | Reached XP level 5. HP: 52/53 MP: 7/7
   292 | D        | Killed a centaur
   292 | D        | Reached * piety under Sif Muna
   292 | D        | Reached skill level 5 in Unarmed Combat
   292 | D        | Reached skill level 1 in Charms
   304 | D        | Killed a crocodile
   304 | D        | Reached skill level 6 in Unarmed Combat
   304 | D        | Reached XP level 6. HP: 28/62 MP: 9/9
   313 | D        | Learned a level 3 spell: Vampiric Draining
   321 | D        | Reached ** piety under Sif Muna
   410 | D        | Reached skill level 5 in Dodging
   418 | D        | Reached skill level 7 in Unarmed Combat
   424 | D        | Reached XP level 7. HP: 48/70 MP: 5/11
   555 | D        | Learned a level 4 spell: Animate Dead
   555 | D        | Noticed a black mamba
   555 | D        | Noticed a blink frog
   555 | D        | Noticed a blink frog
   562 | D        | Reached skill level 8 in Unarmed Combat
   568 | D        | Slain by a black mamba

Skill      XL: |  1  2  3  4  5  6  7 |
---------------+----------------------+-----
Fighting       | 2 3 4 |  4.1
Dodging        | 2 3 4 5 |  5.3
Unarmed Combat | 2 3 4 6 7 8 |  8.0
Necromancy     | 4 5 6 |  6.4
Spellcasting   | 2 3 4 |  4.1
Evocations     | 1 2 3 |  3.7
Charms         | 1 2 |  2.0
Stealth        | |  1.0

Action                   |  1- 3 |  4- 6 |  7- 9 || total
-------------------------+-------+-------+-------++-------
Melee: Unarmed           |    48 |    45 |    14 ||   107
       Punch             |     1 |       |       ||     1
 Cast: Animate Skeleton  |     2 |     7 |     2 ||    11
       Pain              |       |     2 |     1 ||     3
       Vampiric Draining |       |     1 |     1 ||     2
       Regeneration      |       |     1 |     1 ||     2
Invok: Divine Energy     |       |     1 |       ||     1
  Use: Potion            |     1 |     1 |       ||     2
       Scroll            |       |       |     2 ||     2
 Stab: Invisible         |       |     1 |       ||     1
  Eat: Chunk             |     4 |     6 |     1 ||    11
Armor: Robe              |    12 |     8 |     1 ||    21
Dodge: Dodged            |    18 |    17 |    10 ||    45
